 Dungeon Crawl Stone Soup version 0.18-a0-1027-g814d7dd (webtiles) character file.

16 aspa the Magician (level 2, 0/17 HPs)
             Began as an Octopode Wizard on Jan 7, 2016.
             Slain by a gnoll
             ... wielding a +2 halberd of protection
              (17 damage)
             ... on level 1 of the Dungeon.
             The game lasted 00:02:35 (820 turns).

aspa the Magician (Octopode Wizard)                  Turns: 820, Time: 00:02:35

Health: 0/17       AC:  1    Str:  8    XL:     2   Next: 54%
Magic:  6/6        EV: 12    Int: 20    God:
Gold:   14         SH:  0    Dex: 10    Spells: 2 memorised, 5 levels left

rFire  . . .     SeeInvis .     (no weapon)
rCold  . . .     Gourm    .     (no shield)
rNeg   . . .     Faith    .     a - +0 hat
rPois  .         Spirit   .     (no amulet)
rElec  .         Dismiss  .     g - +2 ring of strength
rCorr  .         Reflect  .     (no ring)
SustAt .         Harm     .     (no ring)
MR     .....                    (no ring)
Stlth  ++++......               (no ring)
                                (no ring)
                                (no ring)
                                (no ring)

@: not resistant to hostile enchantments, stealthy
A: almost no armour, amphibious, 8 rings, constrict 8, camouflage 1, gelatinous
body 1
a: no special abilities


You were on level 1 of the Dungeon.
You were not hungry.

You visited 1 branch of the dungeon, and saw 2 of its levels.

You collected 14 gold pieces.

Inventory:

Armour
 a - a +0 hat (worn)
Jewellery
 g - a +2 ring of strength (left tentacle)
Scrolls
 d - 2 scrolls of enchant armour {unknown}
 f - a scroll of identify {unknown}
 i - a scroll of enchant weapon {unknown}
Potions
 e - a potion of brilliance {unknown}
 h - 2 potions of heal wounds {unknown}
 j - a potion of cancellation {unknown}
 k - a potion of curing {unknown}
Books
 b - a book of Minor Magic

   Spells                             Type                      Level
   a - Magic Dart                     Conjuration                  1
   b - Blink                          Translocation                2
   c - Call Imp                       Summoning                    2
   d - Repel Missiles                 Charms/Air                   2
   e - Slow                           Hexes                        2
   f - Conjure Flame                  Conjuration/Fire             3
   g - Mephitic Cloud                 Conjuration/Poison/Air       3
Comestibles
 c - a bread ration


   Skills:
 - Level 2.0 Dodging
 - Level 2.6 Stealth
 + Level 3.7 Spellcasting
 - Level 1.0 Conjurations
 - Level 1.0 Summonings
   Level 1.0 Translocations


You had 5 spell levels left.
You knew the following spells:

 Your Spells              Type           Power        Failure   Level  Hunger
a - Magic Dart            Conj           #...         12%         1    None
b - Call Imp              Summ           #.......     17%         2    ##.....


Dungeon Overview and Level Annotations

Branches:
Dungeon (2/15)

Altars:


Innate Abilities, Weirdness & Mutations

You cannot wear most types of armour.
You are amphibious.
You can wear up to eight rings at the same time.
You can use your tentacles to constrict eight enemies at once.
Your skin changes colour to match your surroundings (Stealth).
Your rubbery body absorbs attacks (AC +1).


Message History

Your magical contamination has completely faded away.
You start resting.
Magic restored.
The gnoll splashes around in the water.
The gnoll misses you.
The gnoll is too close now for your liking.
You tentacle-slap the gnoll. Your grab misses the gnoll.
You squeeze the gnoll, but do no damage.
The gnoll is lightly wounded.
You tentacle-slap the gnoll but do no damage.
You grab the gnoll.
The gnoll is lightly wounded.
You constrict the gnoll, but do no damage.
The gnoll splashes around in the water.
You tentacle-slap the gnoll.
The gnoll is lightly wounded.
You constrict the gnoll, but do no damage.
The gnoll hits you with a halberd of protection!
Ouch! That really hurt!
You die...

#.# #..# ######.#
###.############# .g...#.#
##≈≈...≈.≈.≈≈.≈..# ##.g...#
##.≈≈≈≈≈≈≈≈≈≈≈≈≈≈≈# #.#.###
#≈≈≈#'#≈≈≈≈≈≈≈≈≈≈≈#
#.#.########≈≈≈#<#≈≈≈≈≈≈≈≈≈≈≈#
##.#...r......≈r#>#≈≈##≈≈##'#≈#
...#.#######.≈≈≈###≈≈##≈≈#.>#≈#
###### #.≈≈g@≈≈≈≈≈≈≈≈'''#≈#
#.≈≈#####≈≈≈≈≈≈≈≈≈≈#
#.≈≈#...#≈≈≈≈≈≈≈≈≈≈#
#.≈≈#...#≈≈≈≈≈≈≈≈≈≈#
#.≈≈#.>.#≈≈≈≈###≈≈≈#
#..≈'...#≈≈≈≈#.#≈≈≈#
##≈≈#####≈≈≈≈'>#≈≈≈#
#.≈≈≈≈≈≈≈≈≈≈#+#≈≈≈#
#≈≈≈≈≈≈≈##≈≈≈≈≈≈≈≈#


You could see a gnoll and a rat.

Vanquished Creatures
  An ooze (D:1)
  A bat (D:1)
  A giant cockroach (D:1)
  2 hobgoblins (D:1)
  A kobold (D:1)
  3 giant newts (D:1)
  3 rats (D:1)
12 creatures vanquished.

Notes
Turn   | Place    | Note
--------------------------------------------------------------
     0 | D:1      | aspa the Octopode Wizard began the quest for the Orb.
     0 | D:1      | Reached XP level 1. HP: 11/11 MP: 4/4
   278 | D:1      | Reached XP level 2. HP: 17/17 MP: 0/6
   282 | D:1      | Learned a level 2 spell: Call Imp
   820 | D:1      | Slain by a gnoll

Vault maps used:
D:1:      minmay_arrival_floating_metal
D:2:      grunt_gozag_breadcrumbs, fedhas_altar_2, grunt_qazlal_sundering

Action                   || total
-------------------------++-------
Melee: Unarmed           ||    16
 Cast: Magic Dart        ||    39
